Cogmind - Beta 14 @@@ ROGUE MODE // 2024.10.04 @ 23:53:15 Player: Some Pennies Result: Destroyed by 5C-2SU(R) with Subdweller Machine Gun Performance ------------- Evolutions (0) 0 Regions Visited (2) 400 Robots Destroyed (31) 155 Value Destroyed (715) 715 Prototype IDs (0) 0 Alien Tech Used (0) 0 Bonus (0) 0 TOTAL SCORE: 1270 Bonus ------- None Cogmind --------- Core Integrity 0/250 Matter 284/300 Energy 38/100 System Corruption 0% Temperature Cool (0) Movement Treading (340) Ox2 Location -10/Subcaves Parts ------- > --- POWER (1) -------- (None) > --- PROPULSION (2) --- Light Treads Spiked Treads > --- UTILITY (2) ------ Huge Storage Unit Core Shielding > --- WEAPON (2) ------- Subdweller Beam Cannon Subdweller Machine Gun > --- INVENTORY (25) --- Subdweller Power Source Light Nuclear Core Light Treads Heat Sink Improved Heat Sink Huge Storage Unit Structural Scanner Signal Interpreter Signal Interpreter Improved Terrain Scanner Seismic Detector Seismic Detector ECM Suite Core Shielding Makeshift System Restoration Module Subdweller Beam Cannon Subdweller Machine Gun Light Cannon Grenade Launcher Subdweller Shrapnel Launcher Subdweller Shrapnel Launcher Mining Laser Multitool Peak State ------------ > --- POWER ------------ Ion Engine > --- PROPULSION ------- Light Treads Spiked Treads > --- UTILITY ---------- Huge Storage Unit Core Shielding > --- WEAPON ----------- Subdweller Beam Cannon Subdweller Machine Gun > --- INVENTORY -------- Light Nuclear Core Light Treads Heat Sink Improved Heat Sink Huge Storage Unit Structural Scanner Signal Interpreter Improved Terrain Scanner Seismic Detector Seismic Detector ECM Suite Core Shielding Makeshift System Restoration Module Subdweller Beam Cannon Light Cannon Grenade Launcher Subdweller Shrapnel Launcher Mining Laser Multitool [Rating: 13] Favorites ----------- Power Ion Engine Engine Ion Engine Propulsion Light Treads Treads Light Treads Utility Huge Storage Unit Device Heat Sink Storage Huge Storage Unit Protection Core Shielding Weapon Assault Rifle Energy Gun Medium Laser Energy Cannon Subdweller Beam Cannon Ballistic Gun Assault Rifle Ballistic Cannon Light Cannon Launcher Grenade Launcher Special Weapon Mining Laser Build | -11 -10 -10 ------- Run | Yrd Mat Sub Slots Evolved . | . . . Power . | . . . Propulsion . | . . . Utility . | . . . Weapon . | . . . Parts Attached 34 | 7 6 21 Power 4 | 1 2 1 Engine 4 | 1 2 1 Core . | . . . Reactor . | . . . Propulsion 5 | 2 . 3 Treads 5 | 2 . 3 Leg . | . . . Wheel . | . . . Hover . | . . . Flight . | . . . Utility 7 | 2 4 1 Device 4 | 1 3 . Storage 2 | 1 1 . Processor . | . . . Hackware . | . . . Protection 1 | . . 1 Artifact . | . . . Weapon 18 | 2 . 16 Energy Gun 3 | . . 3 Energy Cannon 2 | . . 2 Ballistic Gun 7 | 2 . 5 Ballistic Cannon 2 | . . 2 Launcher 3 | . . 3 Special Weapon 1 | . . 1 Impact Weapon . | . . . Slashing Weapon . | . . . Piercing Weapon . | . . . Special Melee Weapon . | . . . Unidentified Prototypes . | . . . Parts Lost 7 | . . 7 Power 2 | . . 2 Propulsion 2 | . . 2 Utility . | . . . Weapon 3 | . . 3 Highest Loss Streak 3 | . . 3 To Critical Strikes . | . . . Average Slot Usage (%) 99 | . 100 99 Engine 13 | . 14 13 Treads 28 | . 28 28 Device 3 | . 14 . Storage 14 | . 14 14 Protection 10 | . . 14 Energy Gun 5 | . . 7 Energy Cannon 2 | . . 3 Ballistic Gun 14 | . 28 9 Ballistic Cannon 4 | . . 6 Peak Build Rating 13 | 7 9 13 Average Rating 9 | 5 8 9 On Entrance 5 | . 7 9 Naked Turns . | . . . Heaviest Build 102 | 15 90 102 Greatest Support 40 | 40 40 40 Greatest Overweight (x) 2 | . 2 2 Average Overweight (x) 1 | . 1 2 Largest Inventory Capacity 25 | 8 25 25 Average Capacity 23 | 7 21 25 Most Carried 23 | 6 18 23 Average Carried 16 | 3 13 18 Final Capacity 25 | 8 25 25 Final Carried 23 | 5 18 23 Class Distribution -------------------- 100% | Mutant Dominant Class ---------------- Mutant | -10/Materials Mutant | -10/Subcaves Resources | -11 -10 -10 ----------- Run | Yrd Mat Sub Matter Collected 953 | 318 265 370 Remotely . | . . . Salvage Created 1025 | 186 539 300 Parts 59 | 10 28 21 Haulers Intercepted 1 | . 1 . Recyclers Shooed 3 | . 3 . Parts Field Recycled . | . . . Retrieved Matter . | . . . Parts Self-Destructed 9 | . . 9 Prevented . | . . . Kills | -11 -10 -10 ------- Run | Yrd Mat Sub Combat Hostiles Destroyed 21 | . 9 12 Guns 12 | . 9 3 Cannons 4 | . . 4 AOE 5 | . . 5 Classes Destroyed 9 | 2 5 2 Worker 1 | . 1 . Tunneler 4 | 4 . . Hauler 1 | . 1 . Recycler 3 | 1 2 . Watcher 1 | . 1 . Swarmer 6 | . 3 3 Grunt 6 | . 6 . Artisan 1 | . . 1 Subdweller 9 | . . 9 Best Kill Streak 4 | 4 2 3 Combat Bots Only 3 | . 2 3 Max Kills in Single Turn 3 | 1 1 3 Gunslinging . | . . . Exploded 3 | . . 3 Melee . | . . . Uniques/NPCs Destroyed . | . . . Combat | -11 -10 -10 -------- Run | Yrd Mat Sub Hostile Shots Fired 144 | . 45 99 Missed 46 | . 10 36 Damage Taken 1528 | . 390 1138 Core 263 | . 118 145 Absorbed by Shields . | . . . Redirected to Shielding 27 | . . 27 Core Remaining (%) 100 | 100 . . Volleys Fired 88 | 8 42 38 Largest 2 | 2 2 2 Hottest 160 | 40 40 160 Shots Fired 168 | 16 84 68 Gun 123 | 16 84 23 Cannon 35 | . . 35 Launcher 6 | . . 6 Special 4 | . . 4 Kinetic 127 | 16 84 27 Thermal 35 | . . 35 Explosive 6 | . . 6 Electromagnetic . | . . . Robot Hit Streak 39 | 3 14 39 Robot Miss Streak 4 | 2 4 3 Penetration Max . | . . . Secondary Targets 1 | . 1 . Max Gunslinging Chain 1 | . 1 . Shots Hit Robots 120 | 9 58 53 Core Hits 50 | 6 23 21 Critical Kills 1 | . 1 . Critical Parts Destroyed 1 | . 1 . Critical Strikes 6 | . 2 4 Burn 4 | . . 4 Destroy 2 | . 2 . Melee Attacks . | . . . Impact . | . . . Slashing . | . . . Piercing . | . . . Sneak Attacks . | . . . Combat Hostiles . | . . . Follow-up Attacks . | . . . Damage Inflicted 2066 | 111 788 1167 Guns 1207 | 111 788 308 Cannons 558 | . . 558 Explosions 301 | . . 301 Melee . | . . . Ramming . | . . . Kinetic 1330 | 111 788 431 Thermal 435 | . . 435 Explosive 301 | . . 301 Electromagnetic . | . . . Impact . | . . . Slashing . | . . . Piercing . | . . . Highest Corruption . | . . . Average Corruption . | . . . Corruption Purged . | . . . Corruption Blocked . | . . . Overload Shots . | . . . Overflow Damage . | . . . Projectiles . | . . . Explosions . | . . . Melee . | . . . Knockbacks 5 | . . 5 Impact . | . . . Kinetic 5 | . . 5 Secondary . | . . . Self-Inflicted Damage 18 | . . 18 Shots 2 | . . 2 Rammed . | . . . Targets Rammed . | . . . Kicked . | . . . Crushed . | . . . Highest Temperature 87 | . 10 87 Average Temperature 34 | . 6 38 Received Heat Transfer 408 | . 189 219 Siege Activations . | . . . Robots Corrupted . | . . . Combat Hostiles . | . . . Parts Fried . | . . . Impact Corruptions . | . . . Robots Melted . | . . . Combat Hostiles . | . . . Parts Melted 2 | . . 2 Heat Transferred 1221 | . . 1221 Parts Sabotaged . | . . . Parts Stolen . | . . . Parts Stripped . | . . . Power Chain Reactions . | . . . Alert | -11 -10 -10 ------- Run | Yrd Mat Sub Peak Influence 200 | 25 200 . Initial 16 | . 16 . Average 78 | 11 85 . Maximum Alert Level 1 | . 1 . Low Security (%) 87 | 100 86 . Level 1 12 | . 13 . Level 2 . | . . . Level 3 . | . . . Level 4 . | . . . Level 5 . | . . . High Security . | . . . Max Security . | . . . Squads Dispatched 1 | . 1 . Investigation 1 | . 1 . Extermination . | . . . Reinforcement . | . . . Assault . | . . . Garrison . | . . . Intercept . | . . . Searches Triggered . | . . . Construction Impeded . | . . . Haulers Reinforced . | . . . Active Scanning Responses . | . . . Cargo Convoy Interrupts . | . . . Stealth | -11 -10 -10 --------- Run | Yrd Mat Sub Distress Signals . | . . . Communications Jammed . | . . . Distress Signals . | . . . Times Spotted 31 | . 12 19 Peak Tracking Total 6 | . 3 6 Tactical Retreats 6 | . 4 2 Traps | -11 -10 -10 ------- Run | Yrd Mat Sub Traps Triggered 3 | . 1 2 Indirectly . | . . . Trap Hack Attempts . | . . . Triggered . | . . . Disarmed . | . . . Reprogrammed . | . . . Reused . | . . . Traps Extracted . | . . . Installed . | . . . Triggered . | . . . Machines | -11 -10 -10 ---------- Run | Yrd Mat Sub Machines Disabled . | . . . Max in Single Turn . | . . . Machines Repaired . | . . . Machines Dismantled . | . . . Machines Sabotaged . | . . . Overloaded Fab Kills . | . . . Hacking | -11 -10 -10 --------- Run | Yrd Mat Sub Machines Accessed 6 | . 5 1 Terminals 4 | . 4 . Fabricators . | . . . Repair Stations . | . . . Recycling Units 1 | . 1 . Scanalyzers . | . . . Garrison Access . | . . . Total Hacks 13 | . 9 4 Successful 9 | . 5 4 Failed 4 | . 4 . Catastrophic 1 | . 1 . Database Lockouts . | . . . Manual 9 | . 9 . Terminals 7 | . 7 . Fabricators . | . . . Repair Stations . | . . . Recycling Units 2 | . 2 . Scanalyzers . | . . . Garrison Access . | . . . Terminal Hacks 5 | . 1 4 Record 4 | . . 4 Robot Analysis 1 | . 1 . Fabricator Hacks . | . . . Repair Station Hacks . | . . . Recycling Unit Hacks . | . . . Scanalyzer . | . . . Garrison Access Hacks . | . . . Unauthorized Hacks 4 | . 4 . Terminals 3 | . 3 . Skim 3 | . 3 . Fabricators . | . . . Repair Stations . | . . . Recycling Units 1 | . 1 . Mask 1 | . 1 . Scanalyzers . | . . . Garrison Access . | . . . Data Cores Recovered . | . . . Used . | . . . Hacking Detections 5 | . 5 . Full Trace Events . | . . . Feedback Events . | . . . Feedback Blocked . | . . . Robot Schematics Acquired . | . . . Robots Built . | . . . Authchips . | . . . Time . | . . . Total Robot Build Rating . | . . . Part Schematics Acquired . | . . . Parts Built . | . . . Authchips . | . . . Time . | . . . Total Part Build Rating . | . . . Parts Repaired . | . . . Time . | . . . Parts Recycled . | . . . Recycled Matter . | . . . Retrieved Matter . | . . . Retrieved Components . | . . . Parts Scanalyzed . | . . . Part Schematics Acquired . | . . . Parts Damaged . | . . . Bothacking | -11 -10 -10 ------------ Run | Yrd Mat Sub Used RIF Installer . | . . . Robots Hacked . | . . . Non-combat . | . . . Combat . | . . . Robot Hacks Applied . | . . . Relay Couplers Released . | . . . Fabnet Peak Effective % . | . . . Robots Rewired . | . . . Allies Hacked . | . . . Hacks Repelled . | . . . Allies | -11 -10 -10 -------- Run | Yrd Mat Sub Total Allies . | . . . Largest Group . | . . . Highest-Rated Group . | . . . Highest-Rated Ally . | . . . Total Orders . | . . . Ally Attacks . | . . . Total Damage . | . . . Kills . | . . . Allies Corrupted . | . . . Allies Melted . | . . . Intel | -11 -10 -10 ------- Run | Yrd Mat Sub Robot Analysis Total 1 | . 1 . Derelict Logs Recovered 1 | . . 1 Drone Launches . | . . . Drone Recoveries . | . . . Exploration | -11 -10 -10 ------------- Run | Yrd Mat Sub Turns Passed 4401 | 112 1068 3221 Spaces Moved 1307 | 52 312 943 Core 12 | 12 . . Treads 1295 | 40 312 943 Legs . | . . . Wheels . | . . . Hover . | . . . Flight . | . . . Fastest Speed 50 | 50 160 320 Average Speed 305 | 134 284 322 Slowest Speed 340 | 160 320 340 Overloaded Moves . | . . . Propulsion Burnouts . | . . . Robots Hopped . | . . . Cave-ins Triggered . | . . . Exploration Rate (%) 30 | 4 27 60 Regions Visited 2 Branch Regions 1 Pre-discovered Areas 1 | . . 1 Known Exits Taken . | . . . Unknown Exits Taken 2 | 1 1 . Scrap Searched 6 | . . 6 Spaces Dug . | . . . Terrain Destroyed 29 | . . 29 Melee . | . . . Projectile 1 | . . 1 AOE 28 | . . 28 Terrain Rammed . | . . . Walls Destroyed . | . . . Machines Disabled . | . . . Actions | -11 -10 -10 --------- Run | Yrd Mat Sub Total 1523 | 78 411 1034 Wait 54 | . 33 21 Move 1305 | 51 311 943 Hop . | . . . Pick Up 38 | 12 15 11 Fast Attach . | . . . Attach 13 | 7 . 6 Detach . | . . . Swap 21 | . 6 15 Drop 4 | . 4 . Fire 88 | 8 42 38 Melee . | . . . Ram . | . . . Kick . | . . . Crush . | . . . Escape Stasis . | . . . Rewire . | . . . Trap . | . . . Miscellaneous . | . . . Route ------- -11/Scrapyard -10/Materials -10/Subcaves (discovered 1 exit: [*Mat]) History --------- Turn | Location | Event 10 | -11/Scrapyard | Discovered new exit (range 14) 113 | -11/Scrapyard | Entered Materials 343 | -10/Materials | Build established: Mutant 899 | -10/Materials | Discovered new exit (range 10) 1181 | -10/Materials | Entered Subcaves 1409 | -10/Subcaves | Discovered new exit (range 14) 1570 | -10/Subcaves | Learned Materials interactive machine intel 1571 | -10/Subcaves | A swath of the cavern ceiling suddenly collapsed 2630 | -10/Subcaves | Core integrity fell below 50% 3288 | -10/Subcaves | Visited Clippyterm 3297 | -10/Subcaves | Learned location of Extension (-5) 3297 | -10/Subcaves | Learned Research security intel 3772 | -10/Subcaves | Lost 3 parts (1p2n) 3774 | -10/Subcaves | Core integrity fell below 20% 4402 | -10/Subcaves | Destroyed by 5C-2SU(R) with Subdweller Machine Gun Last Messages --------------- 04288_ HS-0TQ(R) destroyed. 04297_ Subatomizers dissect the Sub. Power Source. 04298_ Acquired Sub. Power Source. 04323_ Searching scrap... 04323_ Found Riot Gun. 04323_ Found Sub. Machine Gun. 04323_ Found 55 Matter. 04326_ Searching scrap... 04326_ Found Sub. Shrapnel Launcher. 04326_ Found 46 Matter. 04327_ Subatomizers dissect the Riot Gun. 04333_ Acquired Sub. Shrapnel Launcher. 04338_ Acquired Sub. Machine Gun. 04340_ Subatomizers dissect the Riot Gun. 04380_ Ion Engine destroyed. 04386_ Sub. Beam Cannon shoots sparks and powers down. 04398_ P7-D0I(R) affixes Scrap Shield Fragment to Scrap Shield. Map ----- +----------------------------------------------------+ | | | | | | | | | ?????????????????????????????????????????????????? | | ?????????????????????????????????????????????????? | | ?????????????????????????????????????????????????? | | ?????????????????????????????????????????????????? | | ?????????????????????????????????????????????????? | | ?????????????????????????????????????????????????? | | ?????????????????????????????????????????????????? | | ?????????????????????????????????????????????????? | | ?????????????????????????????????????????????????? | | ?????????????????????????????????????????????????? | | ?????????????????????????????????????????????????? | | ?????????????????????????????????????????????????? | | ???????????????????????#######???????????????????? | | ???????????????????????#" [<#???????????????????? | | ???????????????????????#%%##&#????????###????????? | | ???????????????????????#### #????????# ##??????? | | ???????????????????????###" ##????????# ##?????# | | ??????????? ####?????## ##&##?????????# ####?## | | ?????????? ### < <#??????????# ### | | ?????????????????# R&%##??######## # | | ?????????????????# #;&#### ## ### | | ?????????????????### # #@ ### | | ???????????????????#?# ## R ##% | | ????????????????????# # ## # ## &= | | ????????????????????## # ########### | | ?????????????????????# ### ## ##?????????# | | ????????????????????# #??### # ??????????## | | ????????????????????## ?????# ## ##??????????## ## | | ????????????????????? ????? #????????????###? | | ???????????????????? ?????? ???????????????? | | ???????????????????#?#?????? ???????????????? | | ????????????????????????????### #???????????????? | | ??????????????????????????????? ???????????????? | | ???????????????????????????????" "#??????????????? | | ??????????????????????????????? ????????????????? | | ??????????????????????????????? ????????????????? | | ???????????????????????????????? ????????????????? | | ????????????????????????????????#????????????????? | | ?????????????????????????????????????????????????? | | ?????????????????????????????????????????????????? | | ?????????????????????????????????????????????????? | | ?????????????????????????????????????????????????? | | ?????????????????????????????????????????????????? | | ?????????????????????????????????????????????????? | | ?????????????????????????????????????????????????? | | ?????????????????????????????????????????????????? | +----------------------------------------------------+ Best States ------------- Heat Dissipation 35 Energy Generation 10 Energy Capacity 250 Matter Stores 300 Matter Capacity 300 Sight Range 16 Terrain Scan Density 10 Core Shielding 20 Evasion (%) 50 Recoil Reduction 2 Item Schematics ----------------- None Robot Schematics ------------------ None Fabricated ------------ Nothing Alien Tech Used ----------------- None Achievements -------------- None Challenges ------------ None Game ------ Seed DiametricRemoteDisintegrator Manual? 0 Play Time 00:11:21 Cumulative 364.7 hours Start 2024.10.04 @ 23:40:07 End 2024.10.04 @ 23:53:15 Sessions 1 Manual Loads 0 Difficulty Rogue Special Mode None Game No. 259 Rogue 254 Adventurer 5 Explorer 0 Win Type - Total 9 Types 4/0/5/0/0/0/0/0/0 Lore% 71 Gallery% 86 Achievement% 71 Wizard Run 0 Options --------- Layout 2 ASCII 0 Keyboard 0 Movement Mouse Keybinds 0 Fullscreen 2 Font 24/Smallcaps Map View 50x44 Zoom Use 0% Tactical HUD 1 Map Filters NONE Filters NONE Steam 1 RUN: 935127b5-557d-439b-87b9-4ffd2ed5818c